 Dungeon Crawl Stone Soup version 0.32-a0-329-ge6c31236d6 (webtiles) character file.

Game seed: 3561151097803159173

311 Bravepunisher the Ducker (level 6, -6/33 HPs)
             Began as a Spriggan Monk on Feb 16, 2024.
             Killed from afar by Dowan (22 damage)
             ... with a shard of ice
             ... on level 4 of the Dungeon.
             The game lasted 00:05:36 (1200 turns).

Bravepunisher the Ducker (Spriggan Monk)            Turns: 1200, Time: 00:05:37

Health: -6/33      AC:  9    Str:  7    XL:     6   Next: 18%
Magic:  7/7        EV: 22    Int: 12    God:
Gold:   94         SH:  0    Dex: 19    Spells: 5/5 levels left

rFire   . . .        e - +8 long sword of Ignis's Fury {protect, rPois}
rCold   . . .        (no shield)
rNeg    . . .        b - +0 robe
rPois   +            (helmet restricted)
rElec   .            (no cloak)
rCorr   .            (gloves unavailable)
SInv    +            (boots unavailable)
Will    +....        (no amulet)
Stlth   ++           (no ring)
HPRegen 0.25/turn    (no ring)
MPRegen 0.10/turn

%: no passive effects
@: under a protective aura, very quick
A: very small, no large weapons, unfitting armour, see invisible, speed 3
a: no special abilities


You were on level 4 of the Dungeon.
You visited 1 branch of the dungeon, and saw 7 of its levels.

You collected 94 gold pieces.

Inventory:

Hand Weapons
 e - the +8 long sword of Ignis's Fury (weapon) {protect, rPois}
   (You found it on level 2 of the Dungeon)

   rPois:     It protects you from poison
Armour
 b - a +0 robe (worn)
Wands
 f - a wand of mindburst (12)
 g - a wand of flame (21)
 i - a wand of polymorph (10)
Scrolls
 d - a scroll of identify {unknown}
 h - a scroll of enchant weapon {unknown}
Potions
 a - a potion of attraction {unknown}
 c - a potion of ambrosia


   Skills:
 + Level 3.9 Fighting
 - Level 3.2 Short Blades
 * Level 7.8 Dodging


You had 5 spell levels left.
You didn't know any spells.
Your spell library was empty.

Dungeon Overview and Level Annotations

Branches:
Dungeon (7/15)
 Temple: D:4-7

Altars:
Ru

Annotations:
D:4 Dowan


Innate Abilities, Weirdness & Mutations

You are very small and have problems with some larger weapons.
You are too small for most types of armour.
You have supernaturally acute eyesight. (SInv)
You cover ground extremely quickly. (Speed+++)


Message History

You hit Duvessa.
Duvessa is almost dead.
Duvessa completely misses you.
You hit Duvessa.
You kill Duvessa!
You hear a distant wail of despair.
You have reached level 6!
Dowan is nearby!
You start resting.
Dowan is nearby!
Dowan seems to find hidden reserves of power!
Dowan says, "Her death will not be in vain!"
You hit Dowan.
Your weapon exudes an aura of protection.
Dowan is moderately wounded.
Dowan completely misses you. Dowan hits you with a +3 dagger!
You closely miss Dowan.
Dowan is moderately wounded.
Dowan completely misses you.
Dowan gestures wildly while chanting.
Dowan blinks!
You start resting.
Dowan is nearby!
Dowan completely misses you.
You barely miss Dowan.
Dowan is moderately wounded.
Dowan points at you and mumbles some strange words.
The shard of ice misses you. Dowan closely misses you.
You slash Dowan!
Your weapon exudes an aura of protection.
Dowan is severely wounded.
Dowan mumbles some strange words.
Dowan blinks!
Dowan barely misses you.
You barely miss Dowan.
Dowan is severely wounded.
Dowan casts a spell at you. The shard of ice hits you!!
Ouch! That really hurt!
You die...

#...#.#.###........
......#.###........
....#.#.#.........
....#.#.#.#.....##
....#.#.#.........
#.....#.#...#..########
.....>................#
......#.#.#.##.#e.....#
.............$.#@.....#
.....##.#.####.#......#
#.#..##.#.#
#<ยง........
#.#..##.#.# #.#########
..#..##.#.# #.#
###.....#.. ... .......
##.# ###..##. #.#
........# #.#


You could see Dowan (fast).

Vanquished Creatures
  Duvessa (D:4)
  A scorpion (D:6)
  A howler monkey (D:5)
  A hound (D:4)
  4 adders
  A shadow imp (D:5)
  2 ufetubi (D:6)
  An endoplasm (D:1)
  A goblin (D:4)
  2 hobgoblins
  2 kobolds (D:2)
  A quokka (D:1)
  A frilled lizard (D:1)
  2 rats
21 creatures vanquished.

Notes
Turn   | Place    | Note
-------+----------+-------------------------------------------
     0 | D:1      | Bravepunisher the Spriggan Monk began the quest for the
                  | Orb.
     0 | D:1      | Reached XP level 1. HP: 11/11 MP: 2/2
   145 | D:1      | Reached XP level 2. HP: 15/16 MP: 3/3
   163 | D:2      | Identified the +8 long sword of Ignis's Fury {protect,
                  | rPois}
   185 | D:2      | Reached skill level 5 in Dodging
   224 | D:4      | Found a sacrificial altar of Ru.
   252 | D:4      | Noticed Duvessa
   255 | D:5      | Entered Level 5 of the Dungeon
   312 | D:4      | Reached XP level 3. HP: 19/19 MP: 4/4
   414 | D:4      | Reached XP level 4. HP: 24/24 MP: 5/5
   463 | D:4      | Noticed Dowan
   523 | D:5      | Noticed an ogre
   551 | D:5      | Noticed a scorpion
   663 | D:6      | Noticed an ogre
   713 | D:7      | Noticed a centaur
   718 | D:6      | Reached skill level 6 in Dodging
   804 | D:6      | Noticed a scorpion
   811 | D:6      | Killed a scorpion
   812 | D:6      | Reached XP level 5. HP: 25/28 MP: 6/6
  1094 | D:5      | Reached skill level 7 in Dodging
  1181 | D:4      | Killed Duvessa
  1182 | D:4      | Reached XP level 6. HP: 19/33 MP: 7/7
  1200 | D:4      | Killed from afar by Dowan

Illustrated notes

Levels and vault maps discovered:
D:1:      minmay_arrival_semitransparent, layout_loops_ring
D:2:      layout_rooms
D:3:      layout_basic, nicolae_gozag_seed_capital
D:4:      layout_basic, mainiacjoe_overflow_concentric_impassable, serial_shops,
          shop_fountains, uniq_duvessa
D:5:      layout_loops_cross
D:6:      layout_basic, temple_hall, grunt_ministairs_15
D:7:      layout_cave_pods, led_sif_pool, ebering_ghost_reflecting_pool,
          minmay_misc_feat_secret_circle, uniq_menkaure

Skill      XL: |  1  2  3  4  5 |
---------------+----------------+-----
Dodging        | 5 6 7 |  7.8
Fighting       | 3 |  3.9
Short Blades   | |  3.2

Action                     |  1- 3 |  4- 6 || total
---------------------------+-------+-------++-------
  Melee: Short sword       |    28 |       ||    28
         Long sword        |    16 |    35 ||    51
   Stab: Sleeping          |     1 |     1 ||     2
         Distracted        |       |     1 ||     1
 Armour: Robe              |    11 |    14 ||    25
  Dodge: Dodged            |    26 |    48 ||    74

Table legend: (Time is in decaauts)
 A = Elapsed time spent in this place.
 B = Non-inter-level travel time spent in this place.
 C = Inter-level travel time spent in this place.
 D = Time resting spent in this place.
 E = Time spent auto-exploring this place.
 F = Levels seen in this place.
 G = Mean time per level.
                   A        B        C        D        E       F      G
               +--------+--------+--------+--------+--------+-----+--------+
         Total |    825 |    801 |     24 |     26 |    242 |   7 |  117.9 |
       Dungeon |    825 |    801 |     24 |     26 |    242 |   7 |  117.9 |
               +--------+--------+--------+--------+--------+-----+--------+

Top non-repeatable levels by time:
     D:6: 248 daAuts
     D:4: 216 daAuts
     D:5: 179 daAuts
     D:1: 118 daAuts
     D:2: 44 daAuts
     D:7: 14 daAuts
     D:3: 4 daAuts
